Unix NetHack Version 5.0.0-0 post-release - last build Jun 10 2026 00:39:30 (3ee93aec679c4c4259841fe613dc97188e26a321,branch:main).

Game began 2026-06-18 16:46:10, ended 2026-06-19 12:31:48.

GdeVolpiano, neutral female human Archeologist

                               )...
                               ()..
                              .@.%.
                              h...-

GdeVolpiano the Field Worker  St:12 Dx:8 Co:14 In:14 Wi:15 Ch:12  Neutral
Dlvl:3  $:30 HP:0(21) Pw:12(12) AC:4  Xp:3 T:1104 

Latest messages:
 What do you want to remove? [*]
 You were wearing an uncursed +0 fedora.
 What do you want to wear? [cvw or ?*]
 You finish your dressing maneuver.
 What do you want to wear? [w or ?*]
 You are now wearing a hooded cloak.
 What do you want to eat? [d or ?*]
 This food really hits the spot!
 You finish eating the food ration.
 In what direction?
 Never mind.
 In what direction?
 You put an uncursed +0 fedora into the large box.
 What do you want to drop? [$adghkmprsu-w or ?*]
 You drop a worthless piece of blue glass.
 What do you want to drop? [$adghkmpsu-w or ?*]
 You drop a worthless piece of yellow glass.
 Where do you want to travel to?
 (For instructions type a '?')
 You hear the footsteps of a guard on patrol.
 Where do you want to travel to?
 (For instructions type a '?')
 Where do you want to travel to?
 (For instructions type a '?')
 You descend the stairs.
 There is a branch staircase up to the Dungeons of Doom here.
 You see here a dart.
 Indy bites it.
 The gnome misses!
 You kill the gnome!
 Welcome to experience level 2.
 Indy eats a gnome corpse.
 The gnome misses!
 You hear a chugging sound.
 The gnome hits!
 You hit the gnome.
 The gnome hits!
 You kill the gnome!
 You hit the gnome.
 The dagger hits the gnome.
 You miss the gnome.
 You kill the gnome!
 Welcome to experience level 3.
 You see here a gnome corpse.
 The dwarf hits!
 You hit the dwarf!
 The dwarf hits!
 You die...
 Do you want your possessions identified? [ynq] (y)
 Do you want to see your attributes? [ynq] (y)

Inventory:
 Coins    ('$')
  $ - 30 gold pieces
 Weapons  (')')
  a - a +2 bullwhip (alternate weapon; not wielded)
  u - a +0 dwarvish mattock (weapon in hands)
 Armor    ('[')
  v - an uncursed +0 dwarvish iron helm (being worn)
  w - an uncursed +0 dwarvish cloak (being worn)
  m - an uncursed +0 orcish chain mail (being worn)
 Comestibles  ('%')
  d - 4 uncursed food rations
 Potions  ('!')
  p - an uncursed potion of healing
 Tools    ('(')
  h - an empty uncursed sack
  k - a cursed skeleton key
 Gems/Stones  ('*')
  g - an uncursed touchstone

GdeVolpiano the Archeologist's attributes:

Background:
 You were a Field Worker, a level 3 female human Archeologist.
 You were neutral, nominally on a mission for Camaxtli
 who was opposed by Quetzalcoatl (lawful) and Huhetotl (chaotic).
 You were right-handed.
 You were in the Gnomish Mines, on level 3.
 You entered the dungeon 1104 turns ago.
 You had 40 experience points, 40 more were needed to attain level 4.

Basics:
 You had 0 out of 21 hit points.
 You had all 12 energy points (spell power).
 Your armor class was 4.
 Your wallet contained 30 zorkmids.
 Autopickup was on for '$?!/="+' plus thrown, with exceptions.

Final Characteristics:
 Your strength was 12 (limit:18/100).
 Your dexterity was 8 (limit:18).
 Your constitution was 14 (limit:18).
 Your intelligence was 14 (limit:18).
 Your wisdom was 15 (peak:16, limit:18).
 Your charisma was 12 (limit:18).

Final Status:
 You weren't hungry.
 You were unencumbered.
 You were wielding a mattock.
 You had basic skill with pick-axe.

Final Attributes:
 You were devoutly aligned.
 Your items were somewhat protected from fire.
 Your items were somewhat protected from cold.
 You had automatic searching.
 You were warded.
 You are dead.

Miscellaneous:
 You didn't encounter any bones levels.
 Total elapsed playing time was 29 minutes and 9 seconds.

Major events:
 Turn
    1: GdeVolpiano the neutral female human Archeologist entered the dungeon
  941: entered the Gnomish Mines
 1100: attained the rank of Field Worker (level 3)
 1104: killed by a dwarf

You didn't know any spells.

Skills:
 Fighting Skills
   bare handed combat [Unskilled]
   two weapon combat  [Unskilled]
   riding             [Unskilled]
 Weapon Skills
   dagger             [Unskilled]
   knife              [Unskilled]
   pick-axe           [Basic]
   short sword        [Unskilled]
   saber              [Unskilled]
   club               [Unskilled]
   quarterstaff       [Unskilled]
   sling              [Unskilled]
   dart               [Unskilled]
   boomerang          [Unskilled]
   whip               [Basic]
   unicorn horn       [Unskilled]
 Spellcasting Skills
   attack spells      [Unskilled]
   healing spells     [Unskilled]
   divination spells  [Unskilled]
   matter spells      [Unskilled]

Voluntary challenges:
 Character rerolling was not enabled.
 You were an atheist.
 You never genocided any monsters.
 You never polymorphed an object.
 You never changed form.
 You used no wishes.
Achievements:
 You entered the Gnomish Mines.
 You attained the rank of Field Worker.

 The Dungeons of Doom: levels 1 to 3
    Level 1:
       Some fountains.
    Level 2:
       A fountain, a grave.
       Stairs down to The Gnomish Mines.
    Level 3:
       A sink.
 The Gnomish Mines:
    Level 3: <- You were here.
       Final resting place for
          you, killed by a dwarf.


Vanquished creatures:
  a gnome mummy
  a dwarf
  3 gnomes
  7 jackals
  5 sewer rats
  3 grid bugs
  a lichen
  3 newts
24 creatures vanquished.

No species were genocided or became extinct.

Game over:
                       ----------
                      /          \
                     /    REST    \
                    /      IN      \
                   /     PEACE      \
                  /                  \
                  |   GdeVolpiano    |
                  |      30 Au       |
                  |   killed by a    |
                  |      dwarf       |
                  |                  |
                  |                  |
                  |       2026       |
                 *|     *  *  *      | *
        _________)/\\_//(\/(/\)/\//\/|_)_______

Goodbye GdeVolpiano the Archeologist...

You died in The Gnomish Mines on dungeon level 3 with 297 points,
and 30 pieces of gold, after 1104 moves.
You were level 3 with a maximum of 21 hit points when you died.

